 Seeded DCSS version 0.29.1-14-g9c671dbff4 (webtiles) character file.

Game seed: 2717059428311584915 (custom seed)

72 sanboga the Trooper (level 4, 0/43 HPs)
             Began as a Gargoyle Fighter on Feb 14, 2023.
             Slain by Grinder (2 damage)
             ... on level 3 of the Dungeon on Feb 15, 2023.
             The game lasted 00:02:26 (2680 turns).

sanboga the Trooper (Gargoyle Fighter)              Turns: 2680, Time: 00:02:26

Health: 0/43       AC: 22    Str: 20 (22) XL:     4   Next: 26%
Magic:  4/4        EV:  2    Int:  7 (8)  God:
Gold:   114        SH:  4    Dex:  8 (9)  Spells: 3/3 levels left

rFire   . . .      SeeInvis .   a - +0 war axe
rCold   . . .      Faith    .   c - +0 buckler
rNeg    + . .      Spirit   .   (body armour currently unavailable)
rPois   ∞          Reflect  .   (helmet currently unavailable)
rElec   .          Harm     .   (cloak currently unavailable)
rCorr   .          Rampage  .   (gloves currently unavailable)
Will    .....      NoTele   +   (boots currently unavailable)
Stlth   +.........              (no amulet)
HPRegen 0.14/turn               (no ring)
MPRegen 0.09/turn               (no ring)

@: brilliant, tree-form
A: stationary, stasis, torment immunity, boosted hp, sickness immunity, AC +3,
negative energy resistance 1, (electricity resistance), torment resistance 1,
petrification resistance
a: no special abilities


You were on level 3 of the Dungeon.
You were a tree.
You visited 1 branch of the dungeon, and saw 3 of its levels.

You collected 114 gold pieces.

Inventory:

Hand Weapons
 a - a +0 war axe (weapon)
Armour
 c - a +0 buckler (worn)
 h - a +0 chain mail (melded)
Potions
 d - a potion of might
 f - 2 potions of flight


   Skills:
 + Level 3.8 Fighting
 * Level 2.8 Axes
 + Level 3.8 Armour
 + Level 3.8 Shields


You had 3 spell levels left.
You didn't know any spells.
Your spell library contained the following spells:

 Spells                   Type           Power      Damage    Failure   Level
 Slow                     Hex            0%         N/A       52%         1
 Confusing Touch          Hex            0%         N/A       87%         3
 Gell's Gravitas          Tloc           0%         N/A       87%         3
 Ignite Poison            Fire/Tmut/Pois 0%         N/A       87%         3
 Lesser Beckoning         Tloc           0%         N/A       87%         3
 Mephitic Cloud           Conj/Pois/Air  0%         N/A       87%         3
 Portal Projectile        Hex/Tloc       0%         N/A       87%         3
 Teleport Other           Tloc           0%         N/A       87%         3
 Tukima's Dance           Hex            0%         N/A       87%         3
 Vampiric Draining        Necr           0%         2d6       87%         3
 Blade Hands              Tmut           0%         N/A       100%        5
 Freezing Cloud           Conj/Ice/Air   0%         6-21      100%        5


Dungeon Overview and Level Annotations

Branches:
Dungeon (3/15)

Altars:
The Shining One

Shops:
D:2 [

Annotations:
D:3 Grinder; sigtrap's ghost, amateur SpCj


Innate Abilities, Weirdness & Mutations

You are a tree.
Your roots penetrate the ground, keeping you stationary.
You cannot be teleported.
You are immune to unholy pain and torment.
Your maximum health is greatly increased.
Your equipment is partially melded.
You are immune to sickness and miasma.
((Your stone body is resilient. (AC +3)))
You are immune to poison.
You resist negative energy. (rN+)
((You are resistant to electric shocks. (rElec)))
You are resistant to unholy torment.
You are immune to petrification.


Message History

Grinder blinks!
It was a potion of flight.
You feel very buoyant.
You fly up into the air.
Grinder says, "Wait up."
It was a potion of brilliance.
You feel clever all of a sudden.
It was a potion of degeneration.
There was something very wrong with that liquid.
You feel weakened.
You feel dopey.
You feel clumsy. Grinder gestures at you. Pain shoots through your body!
* * * LOW HITPOINT WARNING * * *
It was a potion of lignification.
You turn into a tree.
Your +0 chain mail melds into your body.
Your roots penetrate the ground.
Okay, then.
As you read the scroll labelled CINLOA ECVOPOREHE, it crumbles to dust.
You feel aware of your surroundings.
You sensed 1 altar.
It was a scroll of magic mapping.
You closely miss Grinder.
Grinder is heavily wounded.
Grinder gestures at you. You resist with significant effort.
You slash Grinder!
Grinder is severely wounded.
Grinder hits you but does no damage.
You closely miss Grinder.
Grinder is severely wounded.
Grinder hits you but does no damage. You block Grinder's attack.
You slash Grinder!
Grinder is almost dead.
Grinder grins, showing sharp teeth.
Grinder hits you but does no damage.
You hit Grinder.
Grinder is almost dead.
Grinder hits you.
* * * LOW HITPOINT WARNING * * *
You writhe in agony.
You die...

*,,,* #..###.#####.# *,* ***,**
#....#.......# *,* ***,*
#.##.####.#### *,* **,,* #.##.#
#.# *,***** **,** #.##.# #.#
*,,,,,, **,* #.##.# #.# *,**,**
**,**####.##.####.######***,**.#
**,*,............5.......,,,*#.#
,,>,,**#........♣########****#.#
**,*** #...#.##### #.# *,*
**#####.# #.# *,* *,,>,,..# #.#
*,* *,***#### ##)## **,* *,*
######...# *,,* *,* #.........
*,** *,**### #.####...# *,*
*,,,..# #.# ##.#.


You could see Grinder.

Vanquished Creatures
  2 adders (D:2)
  A worm (D:2)
  2 dart slugs
  7 endoplasms
  2 giant cockroaches
  7 goblins
  3 hobgoblins
  2 jackals (D:1)
  6 ball pythons
  5 bats
  4 frilled lizards
  3 kobolds
  2 rats
46 creatures vanquished.

Vanquished Creatures (others)
  8 plants (D:2)
8 creatures vanquished.

Grand Total: 54 creatures vanquished

Notes
Turn   | Place    | Note
-------+----------+-------------------------------------------
     0 | D:1      | sanboga the Gargoyle Fighter began the quest for the Orb.
     0 | D:1      | Reached XP level 1. HP: 14/14 MP: 1/1
   357 | D:1      | Reached XP level 2. HP: 19/19 MP: 2/2
  1223 | D:2      | Reached XP level 3. HP: 21/23 MP: 3/3
  1548 | D:2      | Found a glowing golden altar of the Shining One.
  1669 | D:2      | Reached XP level 4. HP: 29/29 MP: 4/4
  1798 | D:2      | Found Rabif's Antique Armour Shoppe.
  1944 | D:2      | Found a faded altar of an unknown god.
  2497 | D:3      | Identified the +0 giant spiked club of Iteve {drain, rPois
                  | rF+ rCorr Int+3}
  2497 | D:3      | Noticed an ogre
  2497 | D:3      | Noticed sigtrap's ghost (amateur SpCj)
  2497 | D:3      | Noticed an ogre
  2501 | D:3      | Noticed an ogre
  2644 | D:3      | Noticed Grinder
  2665 | D:3      | Paralysed by Grinder for 4 turns
  2680 | D:3      | HP: 2/43 [Grinder (2)]
  2680 | D:3      | Slain by Grinder

Illustrated notes

Levels and vault maps discovered:
D:1:      dpeg_arrival_rooms_a, layout_loops_ring
D:2:      layout_basic, serial_bayou, serial_bayou_ford_a,
          serial_bayou_lagoon_a, serial_bayou_pond_b, serial_bayou_shore_b,
          serial_shops, nicolae_shop_behind_doors, basic_altar,
          nicolae_ecumenical_oubliette, minmay_misc_feat_roman,
          dk_noncrumbling_4
D:3:      layout_loops_ring, led_sif_book, gammafunk_ghost_smash, uniq_sigmund,
          uniq_grinder

Skill      XL: |  1 |
---------------+----+-----
Axes           | 2 |  2.8
Fighting       | |  3.8
Armour         | |  3.8
Shields        | |  3.8

Action                   |  1- 3 |  4- 6 || total
-------------------------+-------+-------++-------
Melee: War axe           |    97 |    37 ||   134
  Use: Scroll            |       |     4 ||     4
       Potion            |       |     4 ||     4
Armor: Scale mail        |    63 |       ||    63
       Chain mail        |     4 |    19 ||    23
       Skin              |       |     3 ||     3
Dodge: Dodged            |    47 |     8 ||    55
Block: Buckler           |    14 |     7 ||    21
